Unix NetHack Version 5.0.0-0 post-release - last build Jun 10 2026 00:39:30 (3ee93aec679c4c4259841fe613dc97188e26a321,branch:main).

Game began 2026-06-11 16:48:10, ended 2026-06-11 16:59:08.

ArrBianca, neutral female human Healer

           --------
           |.......       ----------------     ---------
           |.......sB@####|..............|     |.......|
           |...>.$.      #|..............|     |.......|
           -+------      #-..............|     |.......|
                         #--------------|-     -------.-
                                        ###           ###
                                          ###           ##
                                            ####         #
                                               #         #
                                               #         #
                                             --.---------|--
                              -----#         |.............|
                              |...-##########..............|
                              |...|#         |.............|
                              |...|          |..........`..|
                              |...|          ...$..........|
                              |..<|          ---------------
                              -----

ArrBianca the Empiric        St:8 Dx:11 Co:14 In:9 Wi:18 Ch:16  Neutral
Dlvl:5  $:1684 HP:0(26) Pw:12(26) AC:5  Xp:3 T:2093 

Latest messages:
 The little dog bites the rothe.
 The rothe hits the little dog.
 The rothe bites the little dog.
 The rothe misses the little dog.
 In what direction?
 You feel better.
 The rothe hits!
 The rothe bites!
 The rothe bites again!
 The little dog misses the rothe.
 The little dog bites the rothe.
 The rothe is killed!
 What do you want to use or apply? [cglM or ?*]
 In what direction?
 Status of your little dog (neutral, small):  Level 3  HP 14(18)  AC 6, tame.
 In what direction?
 The little dog looks better.
 Your little dog eats a rothe corpse.
 In what direction?
 You feel better.
 Your little dog eats a hobbit corpse.
 The door opens.
 $ - 8 gold pieces (1684 in total).
 N - a scroll labeled READ ME.
 The little dog drops a runed dagger.
 The little dog picks up a runed dagger.
 You swap places with your little dog.
 There is nothing here to pick up.
 The little dog drops a runed dagger.
 There is a doorway here.
 You see here a runed dagger.
 O - a runed dagger.
 That door is closed.
 The door resists!
 The door resists!
 The door opens.
 The giant bat misses!
 You miss the giant bat.
 The giant bat misses!
 The giant bat bites!
 You miss the giant bat.
 The giant bat bites!
 The giant bat bites!
 You hit the giant bat.
 The giant bat bites!
 The giant bat bites!
 You die...
 Do you want your possessions identified? [ynq] (y)
 Do you want to see your attributes? [ynq] (y)
 Do you want an account of creatures vanquished? [ynaq] (y)

Inventory:
 Coins    ('$')
  $ - 1684 gold pieces
 Weapons  (')')
  O - a +0 elven dagger
  a - a +0 scalpel (weapon in right hand)
 Comestibles  ('%')
  q - 4 uncursed food rations
  L - an uncursed tin of pureed jackal meat
 Wands    ('/')
  M - a wand of opening (0:8)
  g - a wand of sleep (0:6)
 Tools    ('(')
  l - an uncursed oil lamp
  c - an uncursed stethoscope
 Rings    ('=')
  r - an uncursed ring of sustain ability (on right hand)
 Scrolls  ('?')
  J - an uncursed scroll of enchant weapon
  t - a cursed scroll of fire
  N - an uncursed scroll of food detection
  A - an uncursed scroll of gold detection
  o - 3 uncursed scrolls of identify
  z - an uncursed scroll of light
 Potions  ('!')
  p - an uncursed potion of booze
  e - 3 uncursed potions of healing
  w - a cursed potion of see invisible
 Armor    ('[')
  b - an uncursed +1 pair of leather gloves (being worn)
  D - an uncursed +0 studded leather armor (being worn)

ArrBianca the Healer's attributes:

Background:
 You were an Empiric, a level 3 female human Healer.
 You were neutral, nominally on a mission for Hermes
 who was opposed by Athena (lawful) and Poseidon (chaotic).
 You were right-handed.
 You were in the Dungeons of Doom, on level 5.
 You entered the dungeon 2093 turns ago.
 You had 62 experience points, 18 more were needed to attain level 4.

Basics:
 You had 0 out of 26 hit points.
 You had 12 out of 26 energy points (spell power).
 Your armor class was 5.
 Your wallet contained 1684 zorkmids.
 Autopickup was on for '$?!/="+%' plus thrown, with exceptions.

Final Characteristics:
 Your strength was 8 (limit:18/100).
 Your dexterity was 11 (limit:18).
 Your constitution was 14 (limit:18).
 Your intelligence was 9 (limit:18).
 Your wisdom was 18 (limit:18).
 Your charisma was 16 (limit:18).

Final Status:
 You weren't hungry.
 You were unencumbered.
 You were wielding a knife.
 You had basic skill with knife.

Final Attributes:
 You were devoutly aligned.
 You were poison resistant.
 You were warded.
 You had fixed abilities.
 You are dead.

Miscellaneous:
 You didn't encounter any bones levels.
 Total elapsed playing time was 10 minutes and 58 seconds.

Major events:
 Turn
    1: ArrBianca the neutral female human Healer entered the dungeon
 1680: attained the rank of Empiric (level 3)
 2093: killed by a giant bat

Spells:
 Name                 Level Category     Fail Retention
 healing                1   healing        0%   81%-90%
 extra healing          3   healing        0%   81%-90%
 stone to flesh         3   healing        0%   81%-90%

Skills:
 Fighting Skills
   bare handed combat [Unskilled]
 Weapon Skills
   dagger             [Unskilled]
   knife              [Basic]
   short sword        [Unskilled]
   saber              [Unskilled]
   club               [Unskilled]
   mace               [Unskilled]
   quarterstaff       [Unskilled]
   polearms           [Unskilled]
   spear              [Unskilled]
   trident            [Unskilled]
   sling              [Unskilled]
   dart               [Unskilled]
   shuriken           [Unskilled]
   unicorn horn       [Unskilled]
 Spellcasting Skills
   healing spells     [Basic]

Voluntary challenges:
 Character rerolling was not enabled.
 You were an atheist.
 You were illiterate.
 You never genocided any monsters.
 You never polymorphed an object.
 You never changed form.
 You used no wishes.
Achievements:
 You entered a shop.
 You attained the rank of Empiric.

 The Dungeons of Doom: levels 1 to 5
    Level 1:
       Some fountains.
    Level 2:
       A fountain, a sink.
    Level 3:
       A scroll shop.
    Level 4:
    Level 5: <- You were here.
       Final resting place for
          you, killed by a giant bat.


Vanquished creatures:
  a floating eye
  a kobold leader
  a rothe
 an acid blob
  5 hobbits
  a large kobold
  2 yellow molds
  a green mold
  a gnome zombie
  3 geckos
  a jackal
  a sewer rat
  a bat
  5 lichens
  7 newts
32 creatures vanquished.

No species were genocided or became extinct.

Game over:
                       ----------
                      /          \
                     /    REST    \
                    /      IN      \
                   /     PEACE      \
                  /                  \
                  |    ArrBianca     |
                  |     1684 Au      |
                  |   killed by a    |
                  |    giant bat     |
                  |                  |
                  |                  |
                  |       2026       |
                 *|     *  *  *      | *
        _________)/\\_//(\/(/\)/\//\/|_)_______

Goodbye ArrBianca the Healer...

You died in The Dungeons of Doom on dungeon level 5 with 470 points,
and 1684 pieces of gold, after 2093 moves.
You were level 3 with a maximum of 26 hit points when you died.

